Map: Automaton LE

Players

Rob - Winner!

  • Race: Protoss Protoss
  • League: Grandmaster
  • Spawn Location: 3:00

Jason

  • Race: Terran Terran
  • League: Grandmaster
  • Spawn Location: 9:00

VOD

Have the link to the VOD?

Description

Time

  • Played on: May 13, 2019, 3:03 p.m.
  • Length: 20:00
Show
View Real Time Build Order
Export as new Build Order

Rob Protoss - Winner!

Build Orders: 1 Gate Expand, Phoenix Opening, Colossus Rush 

Get SALT Encoding   

  12  0:00  Probe  
  13  0:12  Probe  
  14  0:18  Pylon  
  14  0:24  Probe  
  15  0:32  Probe  
  15  0:39  Gateway  
  15  0:40  Probe  
  16  0:48  Assimilator  
  17  0:51  Probe  
  18  1:03  Probe  
  19  1:15  Probe  
  20  1:26  Cybernetics Core  
  20  1:37  Nexus  
  20  1:40  Probe  
  21  1:49  Pylon  
  21  1:52  Probe  
  21  1:53  Assimilator  
  22  1:57  Adept  
  22  2:04  Probe  
  22  2:06  Warp Gate  
  25  2:16  Probe  
  26  2:25  Pylon  
  26  2:26  Adept  
  26  2:28  Probe  
  29  2:44  Probe  
  30  2:47  Stalker  
  30  2:49  Stargate  
  30  2:50  Probe  
  30  2:56  Probe  
  30  2:58  Probe  
  35  3:08  Probe x2  
  37  3:20  Probe  
  37  3:22  Probe  
  39  3:31  Gateway x2  
  39  3:32  Probe  
  40  3:34  Pylon  
  40  3:35  Phoenix  
  40  3:39  Probe  
  43  3:44  Probe  
  44  3:49  Robotics Facility  
  44  3:52  Pylon  
  44  3:55  Adept  
  46  3:58  Probe x2  
  47  4:14  Phoenix  
  47  4:16  Probe x2  
  47  4:19  Adept  
  47  4:23  Forge  
  51  4:28  Probe  
  51  4:29  Probe  
  53  4:31  Phoenix  
  53  4:34  Assimilator  
  53  4:38  Assimilator, Robotics Bay  
  53  4:40  Probe  
  53  4:43  Probe  
  57  4:48  Observer, Pylon  
  58  4:52  Probe  
  58  4:56  Probe  
  60  5:05  Probe  
  59  5:08  Probe  
  59  5:09  Phoenix  
  57  5:20  Probe x2  
  58  5:25  Colossus  
  58  5:31  Protoss Ground Weapons Level 1  
  58  5:32  Probe x2  
  66  5:41  Pylon  
  66  5:47  Phoenix  
  63  5:56  Probe  
  63  5:57  Probe  
  62  6:08  Probe  
  62  6:09  Probe  
  64  6:14  Colossus, Photon Cannon  
  64  6:23  Twilight Council  
  64  6:25  Zealot x2  
  74  6:31  Pylon  
  74  6:36  Pylon  
  74  6:51  Extended Thermal Lance  
  74  6:56  Pylon  
  74  6:57  Charge  
  74  7:04  Zealot x3  
  80  7:09  Templar Archives  
  80  7:12  Nexus  
  80  7:23  Colossus  
  80  7:25  Probe  
  80  7:26  Probe  
  86  7:38  Phoenix  
  86  7:39  Probe x2  
  90  7:47  Protoss Ground Armor Level 1  
  90  7:50  Forge  
  88  7:51  Probe x2  
  90  8:00  Phoenix  
  90  8:03  Probe x2  
  94  8:10  Colossus  
  94  8:11  Shield Battery  
  94  8:15  Probe x2  
  94  8:16  Robotics Facility  
  96  8:23  Zealot  
  96  8:24  Zealot  
  96  8:25  Probe  
  96  8:26  Phoenix  
  107  8:28  Probe  
  107  8:32  Probe  
  109  8:40  Probe  
  110  8:43  Probe  
  111  8:52  Probe  
  111  8:54  Assimilator, Probe  
  113  8:57  Colossus, Assimilator  
  113  9:04  Probe  
  120  9:10  Zealot x2  
  124  9:17  Protoss Ground Weapons Level 2  
  124  9:30  Pylon x3  
  124  9:32  Gateway  
  124  9:35  Gateway x2  
  124  9:38  Gateway  
  124  9:42  Disruptor  
  124  9:47  Disruptor  
  124  9:51  Pylon  
  130  9:55  Nexus  
  130  9:59  Zealot, High Templar x2  
  136  10:01  Probe  
  136  10:02  Probe  
  138  10:09  Pylon  
  138  10:10  Phoenix  
  140  10:15  Probe x2  
  140  10:16  Probe  
  140  10:21  Pylon  
  149  10:24  Pylon  
  149  10:26  Pylon  
  149  10:27  Probe  
  149  10:28  Probe x2  
  152  10:31  Stargate  
  152  10:33  Phoenix  
  146  10:40  Probe x3  
  146  10:42  Pylon  
  151  10:43  Photon Cannon x2  
  151  10:46  Photon Cannon  
  151  10:47  High Templar x2, Pylon  
  155  10:52  Archon  
  155  10:55  Fleet Beacon  
  155  11:01  Probe x2  
  155  11:03  Zealot  
  159  11:06  Zealot  
  161  11:15  Phoenix  
  161  11:16  Phoenix  
  165  11:19  Probe x3  
  165  11:21  Assimilator x2  
  168  11:29  Stargate  
  168  11:30  Colossus  
  168  11:35  Pylon  
  168  11:37  Colossus  
  179  11:42  Zealot  
  181  11:51  Zealot x6  
  166  12:16  Stalker x5  
  166  12:17  Stalker x2  
  176  12:23  Colossus x2  
  176  12:39  Templar Archives  
  176  12:40  Zealot x3  
  176  12:41  Zealot x3  
  162  13:06  Archon  
  162  13:11  Stalker  
  162  13:12  Stalker x2  
  143  13:13  Stalker x3  
  137  13:26  Nexus  
  126  13:27  Carrier x2  
  126  13:34  Pylon  
  138  13:35  Pylon  
  138  13:44  Stalker x3, Blink  
  144  13:49  Assimilator  
  144  14:11  Stalker  
  144  14:12  Stalker  
  147  14:19  Disruptor x2  
  147  14:22  Zealot x5  
  163  14:36  Stalker x2  
  167  14:42  High Templar  
  169  14:46  Zealot x4  
  169  14:49  Psionic Storm  
  177  15:00  Zealot x2  
  159  15:25  Nexus  
  153  15:31  Zealot x4  
  157  15:41  High Templar x3  
  163  15:44  Pylon  
  163  15:48  Protoss Ground Weapons Level 3  
  163  15:52  Disruptor  
  166  16:10  Zealot x2  
  162  16:19  Zealot x2  
  162  16:20  High Templar  
  162  16:21  High Templar  
  170  16:31  Stalker x2  
  174  16:38  Stalker  
  172  16:51  High Templar x2  
  176  17:01  Zealot x5  
  172  17:27  Stalker  
  172  17:28  Stalker x6  
  182  17:40  Carrier  
  182  17:45  Forge  
  182  17:50  Carrier  
  194  17:53  Pylon  
  194  17:59  Pylon  
  194  18:04  Photon Cannon  
  194  18:11  High Templar x3  
  200  18:15  Archon  
  200  18:33  Photon Cannon  
  200  18:35  Photon Cannon  
  200  18:36  Photon Cannon  
  198  18:43  Nexus  
  198  18:46  Pylon  
  196  18:51  Tempest x2  
  198  19:08  Zealot x7  
  189  19:20  Disruptor x2  
  191  19:35  Stalker x3  
  197  19:51  Archon x2  
  183  19:58  Stalker x5  
Show
View Real Time Build Order
Export as new Build Order

Jason Terran 

Build Orders: Banshee Rush 

Get SALT Encoding   

  12  0:00  SCV  
  13  0:13  SCV  
  14  0:18  Supply Depot  
  14  0:25  SCV  
  15  0:29  Refinery  
  15  0:39  SCV  
  16  0:46  Barracks  
  16  0:51  SCV  
  17  1:03  SCV  
  18  1:15  SCV  
  19  1:28  SCV  
  20  1:35  Reaper  
  21  1:41  Orbital Command  
  21  1:53  Command Center  
  21  2:04  Factory  
  21  2:08  SCV  
  22  2:11  Barracks Reactor  
  22  2:19  Supply Depot  
  22  2:22  SCV  
  23  2:28  Refinery  
  23  2:41  SCV  
  24  2:53  SCV  
  24  2:54  Hellion  
  24  2:55  Hellion  
  24  2:56  Starport  
  29  2:59  Barracks Tech Lab  
  29  3:05  SCV  
  30  3:16  Hellion x2  
  30  3:17  SCV  
  35  3:26  Orbital Command  
  35  3:30  SCV  
  36  3:40  Banshee  
  39  3:45  Cloaking Field  
  39  3:48  SCV, Factory Tech Lab  
  39  3:50  Marine  
  39  3:52  Marine  
  39  3:55  SCV  
  43  3:59  Bunker  
  42  4:13  Marine  
  42  4:14  SCV, Marine  
  42  4:16  Siege Tank  
  42  4:19  SCV  
  41  4:24  Banshee  
  41  4:26  SCV  
  41  4:31  Marine  
  46  4:35  Supply Depot  
  46  4:40  Engineering Bay  
  46  4:45  Supply Depot  
  46  4:56  SCV x2, Cyclone, Marine x2  
  53  5:08  SCV x2, Supply Depot  
  53  5:14  Marine x2  
  58  5:20  SCV x2  
  62  5:23  Raven  
  62  5:26  Barracks x2  
  58  5:32  Marine  
  58  5:33  SCV x2, Missile Turret  
  61  5:38  Missile Turret  
  61  5:39  Missile Turret  
  61  5:41  Marine  
  62  5:45  SCV  
  62  5:47  SCV  
  62  5:49  Marine  
  65  5:57  SCV  
  65  5:59  SCV  
  68  6:09  SCV, Refinery x2  
  66  6:11  SCV  
  66  6:20  Command Center  
  66  6:21  SCV  
  66  6:22  Starport Reactor  
  66  6:23  Marauder, Factory Reactor  
  66  6:24  SCV, Stimpack  
  70  6:26  Terran Infantry Weapons Level 1  
  70  6:30  Combat Shield  
  70  6:35  Supply Depot  
  70  6:39  Supply Depot  
  70  6:48  Supply Depot  
  70  6:49  Supply Depot  
  70  6:57  SCV x2, Marauder x2, Marine x2  
  74  7:08  Widow Mine x2  
  77  7:09  SCV x2  
  77  7:14  Marine x2  
  81  7:18  Marine x2  
  81  7:21  SCV x2  
  81  7:22  Barracks  
  85  7:24  Barracks  
  85  7:29  Widow Mine  
  87  7:30  Medivac x2  
  87  7:31  Widow Mine  
  87  7:32  Marine x2  
  87  7:33  SCV  
  87  7:34  SCV  
  87  7:36  Marauder  
  97  7:37  Marine  
  97  7:41  Orbital Command  
  98  7:45  SCV  
  98  7:46  SCV  
  98  7:50  Marine x2  
  102  7:52  Starport  
  102  7:57  SCV, Marine x2  
  105  8:00  SCV  
  105  8:02  Orbital Command  
  106  8:08  Marine x2  
  106  8:10  SCV  
  106  8:12  SCV  
  110  8:14  Medivac x2, Barracks Tech Lab  
  110  8:15  Barracks Tech Lab  
  114  8:22  SCV  
  114  8:24  SCV, Sensor Tower  
  114  8:25  Sensor Tower  
  116  8:28  Missile Turret  
  116  8:29  SCV  
  117  8:37  Supply Depot  
  117  8:39  Terran Infantry Armor Level 1  
  117  8:41  Supply Depot  
  117  8:44  Supply Depot  
  117  8:57  Supply Depot  
  117  8:58  Viking, Marine  
  117  8:59  SCV x3, Marauder  
  117  9:02  Viking x3, Marine  
  132  9:07  Marauder, Marine  
  135  9:13  Marine  
  136  9:19  Ghost Academy  
  136  9:27  SCV x2  
  136  9:28  SCV, Viking, Refinery  
  136  9:29  Refinery  
  141  9:32  Viking x2  
  145  9:39  SCV  
  145  9:40  Viking  
  148  9:46  SCV  
  148  9:52  Marine  
  149  9:53  Command Center  
  149  9:57  Sensor Tower  
  149  9:58  SCV x2, Viking, Marine  
  154  10:00  Supply Depot  
  154  10:03  Supply Depot  
  154  10:06  Marine x3  
  157  10:19  SCV x3, Marauder  
  157  10:21  Viking x2  
  166  10:24  Marauder  
  166  10:26  Engineering Bay  
  166  10:27  Armory, Marine  
  169  10:30  Marauder  
  169  10:34  Marine x2  
  173  10:36  SCV  
  173  10:41  Marauder  
  176  10:45  Marine x2  
  178  10:51  Ghost  
  178  10:52  Marine x2  
  178  10:55  SCV x3  
  185  10:58  Missile Turret  
  185  11:01  Ghost  
  185  11:02  Ghost  
  188  11:16  Viking x4  
  192  11:20  Planetary Fortress  
  192  11:25  Terran Infantry Armor Level 2  
  192  11:28  Terran Infantry Weapons Level 2  
  192  11:30  Marine  
  192  11:31  Marauder, Marine  
  196  11:34  Marine  
  196  11:35  Marine  
  196  11:38  Widow Mine  
  200  11:41  Refinery x2  
  198  11:49  Missile Turret  
  198  11:50  Missile Turret  
  198  11:52  Marine  
  198  11:53  Marauder  
  194  12:08  Viking  
  182  12:10  Viking  
  177  12:16  Ghost x2  
  177  12:19  Ghost x2  
  177  12:21  Viking  
  177  12:22  Viking  
  187  12:24  Marine x2  
  188  12:30  Starport  
  187  12:38  Viking  
  187  12:40  Terran Ship Weapons Level 1  
  187  12:42  Marine x2  
  191  12:44  Ghost  
  191  12:45  Marauder  
  191  12:48  Ghost  
  191  12:49  Marauder  
  197  12:59  Marine  
  197  13:00  Marine  
  192  13:07  Marauder  
  192  13:10  Marine  
  192  13:12  Viking  
  180  13:14  Marauder, Viking  
  180  13:17  Marine  
  180  13:18  Marine x2  
  177  13:23  Viking  
  177  13:26  Viking  
  152  13:28  Marauder, Marine  
  151  13:35  Marine x2  
  151  13:36  Marine x2  
  151  13:39  Starport Tech Lab  
  151  13:40  Starport  
  155  13:42  Fusion Core, Viking, Barracks  
  155  13:44  Command Center, Barracks  
  155  13:45  Barracks  
  155  13:46  Marauder  
  155  13:48  Widow Mine  
  161  13:49  Marine  
  161  13:52  Medivac, Marine  
  161  13:53  Marauder, Marine  
  168  13:55  Marine  
  169  14:02  Personal Cloaking  
  169  14:07  Marine x2  
  169  14:09  Liberator x2, Widow Mine  
  173  14:11  Marauder, Marine  
  173  14:13  Marine  
  173  14:14  Marauder  
  173  14:15  Liberator  
  179  14:18  Liberator  
  179  14:24  Marine  
  179  14:25  Marine  
  179  14:29  Marine  
  179  14:30  Widow Mine  
  179  14:31  Marine  
  187  14:32  Marauder  
  187  14:36  Marauder  
  196  14:42  Marine x2  
  198  14:47  Marine  
  198  14:49  Marine  
  200  14:55  Terran Infantry Armor Level 3, Terran Infantry Weapons Level 3  
  192  15:20  Marine  
  192  15:21  Marauder, Marine x2  
  160  15:23  Marine, Widow Mine  
  160  15:24  Marine  
  141  15:37  Viking x2  
  141  15:38  Marine x2  
  141  15:39  Marauder  
  141  15:41  Marine  
  141  15:42  Marauder  
  144  15:43  Marauder, Viking  
  144  15:44  Viking x2, Widow Mine  
  152  15:53  Liberator  
  152  15:56  Marine  
  153  16:00  Sensor Tower, Marine x3  
  153  16:02  Missile Turret  
  155  16:06  Widow Mine  
  155  16:11  Refinery  
  159  16:13  Planetary Fortress  
  159  16:17  Missile Turret  
  159  16:20  Sensor Tower  
  158  16:28  Ghost x2, Marine  
  158  16:29  Marauder x2, Marine  
  158  16:32  SCV x3  
  171  16:35  Liberator x2  
  171  16:36  Liberator  
  171  16:42  Command Center  
  171  16:43  Liberator  
  171  16:46  Marine x2  
  173  16:50  Marine  
  173  16:51  Marauder  
  185  16:57  Liberator, Marine x2  
  185  16:58  Liberator  
  172  17:17  SCV  
  172  17:18  SCV x2, Liberator x2  
  172  17:19  Liberator  
  175  17:26  Liberator  
  178  17:49  Marine  
  161  17:51  Marine  
  161  17:52  Marine  
  161  17:54  Marine x2  
  161  17:57  Viking  
  161  17:58  Viking, Ghost  
  169  18:04  Sensor Tower  
  171  18:07  Marine  
  171  18:09  Marine  
  171  18:10  Ghost  
  171  18:11  Ghost  
  171  18:12  Marine  
  178  18:18  Viking x2  
  178  18:19  Neosteel Armor  
  182  18:25  Barracks Tech Lab x3, Marine  
  182  18:26  Advanced Ballistics  
  182  18:27  Marine  
  183  18:29  Marine x2  
  183  18:30  Viking  
  183  18:33  Viking  
  188  18:42  Viking  
  189  18:52  Command Center  
  189  18:54  Viking  
  184  19:08  Viking x2  
  184  19:09  Viking  
  172  19:12  Viking  
  172  19:16  Marine x2  
  174  19:21  Ghost  
  145  19:36  Marine  
  145  19:38  Marine  
Tags
 
Add a new tag
Caveats
  • Supply blocks, unpowered buildings, or Contaminate may cause inaccurate times.
  • Supply counts are checked every 10 seconds.